 Dungeon Crawl Stone Soup version 0.17-a0-1554-g3b847ca (webtiles) character file.

2956 Gorice the Cleaver (level 9, -1/57 HPs)
             Began as a Tengu Wanderer on July 18, 2015.
             Was a Priest of Okawaru.
             Slain by Menkaure (17 damage)
             ... in an ossuary on July 19, 2015.
             The game lasted 00:45:27 (7441 turns).

Gorice the Cleaver (Tengu Wanderer)                 Turns: 7441, Time: 00:45:28

Health: -1/57      AC: 18    Str: 17    XL:     9   Next: 81%
Magic:  8/10       EV:  9    Int: 11    God:    Okawaru [***...]
Gold:   415        SH:  0    Dex: 14    Spells: 0 memorised, 8 levels left

rFire  . . .     SeeInvis .     a - +1 battleaxe (freeze)
rCold  . . .     Clarity  .     x - +2 chain mail {rPois}
rNeg   . . .     SustAt   .     (no shield)
rPois  +         Gourm    .     (helmet restricted)
rElec  .         Spirit   .     v - +2 cloak
rCorr  .         Warding  .     k - +1 pair of gloves
rMut   .         Stasis   .     (boots unavailable)
MR     .....                    n - amulet of rage
Stlth  ..........               (no ring)
                                (no ring)

@: heroism, not resistant to hostile enchantments, extremely unstealthy
A: beak, talons 3, able to fly 1
a: Fly, Heroism, Renounce Religion, Evoke Berserk Rage


You were in an ossuary.
You worshipped Okawaru.
Okawaru was most pleased with you.
You were not hungry.

You visited 2 branches of the dungeon, and saw 10 of its levels.
You also visited: Ossuary.

You collected 415 gold pieces.

Inventory:

Hand weapons
 a - a +1 battleaxe of freezing (weapon)
   (You took it off a wight on level 6 of the Dungeon)
 b - a +0 shortbow
 y - a +1 hand axe
 B - a +0 blowgun
 C - a +0 war axe of electrocution
   (You took it off Blork the orc on level 4 of the Dungeon)
Missiles
 c - 91 arrows
 d - 21 poisoned needles
 D - 15 arrows of frost
 I - 8 arrows of flame
 Z - 101 stones (quivered)
Armour
 k - a +1 pair of gloves (worn)
 v - a +2 cloak (worn)
 x - a +2 chain mail of poison resistance (worn)
   (You took it off an orc on level 3 of the Dungeon)
Jewellery
 n - an amulet of rage (around neck)
Magical devices
 A - a wand of teleportation (1) {!d}
 E - a wand of draining (7)
 J - a wand of draining (6)
Scrolls
 i - a scroll of magic mapping {!r}
 q - 7 scrolls of remove curse
 F - a scroll of blinking
Potions
 e - 3 potions of curing
 g - a potion of haste {unknown}
 h - 2 potions of cancellation {unknown}
 j - 2 potions of flight
 m - 2 potions of berserk rage
 o - a potion of magic {unknown}
 p - 5 potions of heal wounds {!q}
 w - a potion of lignification {unknown}
Comestibles
 f - 3 bread rations {!e}
 r - 3 beef jerkies
 s - 4 meat rations {!e}
 t - 3 fruits


   Skills:
 + Level 7.5(12.5) Fighting
 * Level 11.3(16.3) Axes
 - Level 5.5(10.5) Bows
 - Level 1.1(6.1) Throwing
 - Level 2.1(7.1) Armour
 - Level 1.0(6.0) Stealth


You had 8 spell levels left.
You didn't know any spells.

Dungeon Overview and Level Annotations

Branches:
Dungeon (9/15)             Temple (1/1) D:4
   Lair: D:8-11         Orc: D:9-12

Altars:
Ashenzari
Cheibriados
Dithmenos
Elyvilon
Fedhas
Gozag
Kikubaaqudgha
Makhleb
Nemelex Xobeh
Okawaru
Qazlal
Ru
Sif Muna
Trog
Vehumet
Xom
Yredelemnul
Zin

Annotations:
D:3 Rayvis's ghost, average MiFi
D:9 UX: shafted here Ossuary Menkaure


Innate Abilities, Weirdness & Mutations

You have a beak for a mouth.
You have claws for feet.
You can fly.


Message History

Menkaure seems to speed up.
Unknown command.
It glows with a cold blue light!
a - a +1 battleaxe of freezing (weapon)
Your chain mail prevents you from hitting the mummy.
You slice the mummy!! You freeze the mummy.
You destroy the mummy!
Okawaru accepts your kill.
You closely miss the mummy. You claw the mummy, but do no damage.
You peck the mummy.
The mummy is heavily damaged.
The mummy hits you but does no damage.
You hit the mummy. You freeze the mummy. You claw the mummy.
You peck the mummy, but do no damage.
The mummy is almost destroyed.
You hit the mummy but do no damage.
The mummy is almost destroyed.
The mummy hits you!
Damage: 13 (max 13)
You slash the mummy! You freeze the mummy.
You destroy the mummy!
Okawaru accepts your kill.
You slash the mummy!
The mummy is heavily damaged.
The mummy hits you!
Damage: 9 (max 13)
You barely miss the mummy. You claw the mummy, but do no damage.
The mummy is heavily damaged.
You slash the mummy! You freeze the mummy.
You destroy the mummy!
Okawaru accepts your kill.
Menkaure points at you and mumbles some strange words.
Pain shoots through your body!
Damage: 4 (max 13) Menkaure barely misses you.
The mummy hits you.
There is an open door here.
Damage: 2 (max 13)
You slash Menkaure! You claw Menkaure.
Menkaure is heavily damaged.
You hit the mummy.
The mummy is moderately damaged.
Menkaure hits you but does no damage. The mummy hits you!
Damage: 10 (max 13) Unknown command.
Use which ability? (? or * to list)
You gain the combat prowess of a mighty hero.
You feel slightly more hungry. Menkaure hits you.
* * * LOW HITPOINT WARNING * * *
Menkaure hits you!
You die...

#..#.'....# #....'.'.
#..#.#....#...!!?...#....#.#.
#..'.#....#..??$?!..#....#.#.
#..########..!$∩$?..########.
#..#.#....#..?!$??..#....'.'.
#..#.'....#...!!?...#....#.#.
#..'.#....#.(.......#....#.#.
#..###....#.MM......#....###.
#..#.#######@#############.'.
#..#.#....#....#....#....#.#.
#..'.#....#....#....#....#.#.
#..###....#....#....#....###.
#..#.#....#....#....#....#.'.
#..#.####'###'##'####'####.#.
#..#...#...#...#...#...#...#.
#..###'###'###'###'###'#####.
#............................


You could see Menkaure and a mummy.

Vanquished Creatures
  Joseph (D:7)
  Eustachio (D:6)
  Edmund (D:6)
  Duvessa (D:4)
  2 orc warriors
  6 ogres
  A big kobold (D:8)
  Blork the orc (D:4)
  2 centaurs (D:5)
  A giant frog (D:5)
  Dowan (D:4)
  A scorpion (D:6)
  5 wights (D:6)
  2 orc priests
  A centaur zombie (D:6)
  A giant frog zombie (D:8)
  A hound (D:5)
  Crazy Yiuf (D:3)
  Jessica (D:3)
  3 iguanas
  Natasha (D:3)
  2 orc wizards
  4 worker ants
  5 ogre zombies (Ossuary)
  5 mummies (Ossuary)
  3 gnolls (D:3)
  A worker ant zombie (D:7)
  9 adders
  4 shadow imps
  An ooze (D:2)
  An adder skeleton (D:5)
  3 adder zombies (Ossuary)
  4 worms
  11 orcs
  2 ball pythons
  17 bats
  A bat skeleton (D:4)
  9 goblins
  11 hobgoblins
  5 jackals
  A quokka (D:5)
  5 giant cockroaches
  3 giant geckos
  A giant gecko zombie (D:8)
  2 giant newts
  A gnoll zombie (Ossuary)
  5 goblin zombies (Ossuary)
  5 hobgoblin zombies (Ossuary)
  15 kobolds
  6 kobold zombies (Ossuary)
  An orc zombie (Ossuary)
  14 rats
  4 rat zombies (Ossuary)
196 creatures vanquished.

Notes
Turn   | Place    | Note
--------------------------------------------------------------
     0 | D:1      | Gorice the Tengu Wanderer began the quest for the Orb.
     0 | D:1      | Gorice set off with: a +2 scale mail, a +0 shortbow, 26 arrows, 15 poisoned needles, a +0 blowgun, a bread ration {!e}
     0 | D:1      | Reached XP level 1. HP: 12/12 MP: 2/2
   126 | D:1      | Reached XP level 2. HP: 16/16 MP: 3/3
   386 | D:1      | Reached skill level 5 in Bows
   434 | D:1      | Reached XP level 3. HP: 19/21 MP: 4/4
   877 | D:2      | Reached skill level 2 in Fighting
  1121 | D:2      | Reached XP level 4. HP: 21/26 MP: 5/5
  1544 | D:3      | Noticed Jessica
  1544 | D:3      | Noticed Natasha
  1545 | D:3      | Upgraded the game from 0.17-a0-1545-gc1bb672 to 0.17-a0-1554-g3b847ca
  1714 | D:3      | Noticed Rayvis's ghost (average MiFi)
  1803 | D:3      | Noticed an orc warrior
  1858 | D:2      | HP: 8/27 [poisoned by an adder]
  1864 | D:2      | HP: 6/27 [poisoned by an adder]
  1872 | D:2      | HP: 4/27 [poisoned by an adder]
  1880 | D:2      | HP: 3/27 [poisoned by an adder]
  2163 | D:3      | Killed Jessica
  2163 | D:3      | Reached skill level 2 in Axes
  2198 | D:3      | Gained mutation: You can fly. [Tengu growth]
  2198 | D:3      | Reached XP level 5. HP: 24/31 MP: 6/6
  2371 | D:3      | Reached skill level 3 in Axes
  2381 | D:3      | Reached skill level 3 in Fighting
  2483 | D:3      | Killed an orc warrior
  2483 | D:3      | Reached skill level 4 in Axes
  2483 | D:3      | Reached XP level 6. HP: 24/37 MP: 7/7
  2541 | D:3      | Noticed Crazy Yiuf
  2577 | D:3      | Killed Crazy Yiuf
  2801 | D:3      | Killed Natasha
  3091 | D:3      | Reached skill level 5 in Axes
  3463 | D:4      | Noticed Duvessa
  3464 | D:4      | Noticed Dowan
  3490 | D:4      | Killed Duvessa
  3490 | D:4      | Reached skill level 4 in Fighting
  3490 | D:4      | Reached XP level 7. HP: 31/43 MP: 8/8
  3507 | D:4      | Killed Dowan
  3679 | D:4      | Reached skill level 6 in Axes
  3952 | D:4      | Found a staircase to the Ecumenical Temple.
  3966 | Temple   | Entered the Ecumenical Temple
  4066 | Temple   | Became a worshipper of Warmaster Okawaru
  4146 | D:4      | Noticed Blork the orc
  4168 | D:4      | Killed Blork the orc
  4398 | D:5      | Entered Level 5 of the Dungeon
  4642 | D:4      | Reached skill level 7 in Axes
  4739 | D:5      | Reached XP level 8. HP: 48/48 MP: 9/9
  4789 | D:5      | Acquired Okawaru's first power
  4789 | D:5      | Reached skill level 5 in Fighting
  4867 | D:5      | Found a bloodstained altar of Trog.
  5093 | D:5      | Reached skill level 8 in Axes
  5417 | D:6      | Noticed Eustachio
  5456 | D:6      | Killed Eustachio
  5665 | D:6      | Reached skill level 9 in Axes
  5676 | D:6      | Reached skill level 6 in Fighting
  5762 | D:6      | Noticed Edmund
  5773 | D:6      | Killed Edmund
  5773 | D:6      | Reached XP level 9. HP: 49/55 MP: 10/10
  6287 | D:7      | Reached skill level 10 in Axes
  6379 | D:7      | Noticed Joseph
  6400 | D:7      | HP: 14/56 [Joseph/uncursed quarterstaff (5)]
  6404 | D:7      | Killed Joseph
  6404 | D:7      | Reached skill level 7 in Fighting
  6450 | D:7      | You fall through a shaft for 2 floors!
  6734 | D:8      | Reached skill level 11 in Axes
  6918 | D:8      | Found a sand-covered staircase.
  6931 | Ossuary  | Entered an ossuary
  7423 | Ossuary  | Noticed Menkaure
  7441 | Ossuary  | HP: 16/57 [Menkaure (3)]
  7441 | Ossuary  | Slain by Menkaure

Vault maps used:
D:1:      dpeg_arrival_lava_temple_mockup
D:2:      st_stairs_14
D:3:      first_bread, kennysheep_generic_room_11, uniq_jessica, uniq_natasha,
          uniq_crazy_yiuf_cottage
D:4:      minmay_temple_entry_trees, uniq_blork_the_orc, uniq_duvessa
D:5:      trog_three_pillars_becter
D:6:      eino_small_chamber_without_monster, uniq_edmund, uniq_eustachio
D:7:      kennysheep_little_box, serial_shops, shop, uniq_joseph
D:8:      serial_shops, nicolae_shop_window_shopping, enter_ossuary_2,
          grunt_ministairs_2, nicolae_qazlal_style_of_elements
D:9:      special_room, serial_shops, shop, hangedman_tree_tricks
Temple:   kilobyte_greek_temple_18
Ossuary:  ossuary_boxes_badplayer

Action                   |  1- 3 |  4- 6 |  7- 9 || total
-------------------------+-------+-------+-------++-------
Melee: Hand axe          |    18 |   110 |    21 ||   149
       Shortbow          |     1 |       |       ||     1
       War axe           |       |       |   125 ||   125
       Battleaxe         |       |       |   157 ||   157
 Fire: Shortbow          |   122 |    20 |    31 ||   173
       Blowgun           |    11 |    33 |    51 ||    95
Throw: Stone             |       |     1 |     2 ||     3
Invok: Heroism           |       |       |     2 ||     2
Evoke: Wand              |       |     3 |     3 ||     6
  Use: Scroll            |     1 |     7 |     9 ||    17
  Eat: Chunk             |       |     8 |    11 ||    19
       Beef jerky        |       |       |     1 ||     1

Table legend:
 A = Turns spent in this place as a percentage of turns spent in the entire game.
 B = Non-inter-level travel turns spent in this place as a percentage of non-inter-level travel turns spent in the entire game.
 C = Inter-level travel turns spent in this place as a percentage of turns spent in this place.
 D = Turns resting spent in this place as a percentage of non-inter-level travel turns spent in this place.
 E = Turns spent auto-exploring this place as a percentage of non-inter-level travel turns spent in this place.
 F = Non-inter-level travel turns spent in this place divided by the number of levels of this place that you've seen.
                   A       B       C       D       E      F
               +-------+-------+-------+-------+-------+----------------------
         Total | 100.0 | 100.0 |   0.4 |   0.9 |   3.9 | 309.0
       Dungeon |  89.2 |  89.2 |   0.4 |   0.7 |   4.4 | 336.8
        Temple |   0.7 |   0.7 |   4.0 |   0.0 |   8.3 |  24.0
       Ossuary |  10.1 |  10.1 |   0.0 |   2.3 |   0.0 | 344.0
               +-------+-------+-------+-------+-------+----------------------

Vault maps used:
D:1:      dpeg_arrival_lava_temple_mockup
D:2:      st_stairs_14
D:3:      first_bread, kennysheep_generic_room_11, uniq_jessica, uniq_natasha,
          uniq_crazy_yiuf_cottage
D:4:      minmay_temple_entry_trees, uniq_blork_the_orc, uniq_duvessa
D:5:      trog_three_pillars_becter
D:6:      eino_small_chamber_without_monster, uniq_edmund, uniq_eustachio
D:7:      kennysheep_little_box, serial_shops, shop, uniq_joseph
D:8:      serial_shops, nicolae_shop_window_shopping, enter_ossuary_2,
          grunt_ministairs_2, nicolae_qazlal_style_of_elements
D:9:      special_room, serial_shops, shop, hangedman_tree_tricks
Temple:   kilobyte_greek_temple_18
Ossuary:  ossuary_boxes_badplayer
